 Dungeon Crawl Stone Soup version 0.27.0-1-g7a089689b8 (webtiles) character file.

Game seed: 12613653182579781954

96 SnakkuSnakku7 the Skirmisher (level 4, -3/37 HPs)
             Began as a Merfolk Air Elementalist on Aug 14, 2021.
             Slain by a gnoll (11 damage)
             ... on level 3 of the Dungeon.
             The game lasted 00:04:01 (3515 turns).

SnakkuSnakku7 the Skirmisher (MfAE)                 Turns: 3515, Time: 00:04:02

Health: -3/37      AC:  2    Str:  9    XL:     4   Next: 67%
Magic:  1/7        EV: 12    Int: 14    God:
Gold:   174        SH:  0    Dex: 14    Spells: 6/7 levels left

rFire    . . .     SeeInvis .   h - +0 rapier
rCold    . . .     Faith    .   (no shield)
rNeg     . . .     Spirit   .   a - +0 robe
rPois    .         Reflect  .   (no helmet)
rElec    .         Harm     .   (no cloak)
rCorr    .         Rampage  .   (no gloves)
Will     .....                  (no boots)
Stlth    ++........             (no amulet)
HPRegen  0.12/turn              (no ring)
MPRegen  0.10/turn              (no ring)

@: very slightly contaminated
A: (nimble swimmer 2), mertail
a: no special abilities


You were on level 3 of the Dungeon.
You visited 1 branch of the dungeon, and saw 3 of its levels.

You collected 174 gold pieces.

Inventory:

Hand Weapons
 b - a +0 mace
 h - a +0 rapier (weapon)
Armour
 a - a +0 robe (worn)
 d - a +0 ring mail
 m - a +0 scale mail
Scrolls
 f - 2 scrolls of identify {unknown}
 g - a scroll of amnesia {unknown}
 i - 2 scrolls of silence {unknown}
 j - 2 scrolls of teleportation {unknown}
 l - a scroll of noise {unknown}
Potions
 c - 2 potions of invisibility {unknown}
 e - a potion of heal wounds {unknown}
 k - a potion of lignification {unknown}


   Skills:
 - Level 4.0 Fighting
 + Level 2.3 Polearms
 - Level 2.6 Dodging
 - Level 2.1 Stealth
 - Level 2.0 Spellcasting
 - Level 0.7 Conjurations
 - Level 2.4 Air Magic


You had 6 spell levels left.
You knew the following spells:

 Your Spells              Type           Power      Damage    Failure   Level
a - Shock                 Conj/Air       20%        1d4       13%         1

Your spell library contained the following spells:

 Spells                   Type           Power      Damage    Failure   Level
 Static Discharge         Conj/Air       5%         N/A       19%         2
 Swiftness                Air            8%         N/A       26%         3
 Airstrike                Air            4%         N/A       65%         4


Dungeon Overview and Level Annotations

Branches:
Dungeon (3/15)

Altars:

Annotations:
D:3 1 runed translucent door, exclusion: orc priest, Crazy Yiuf


Innate Abilities, Weirdness & Mutations

((You are quick and stealthy near water. (Stealth+, EV+, Speed+++)))
Your lower body shifts to a powerful aquatic tail in water.


Message History

Unknown command.
Casting: Shock (safe; 13% risk of failure)
Confirm with . or Enter, or press ? or * to list all spells.
Aiming: Shock (safe; 13% risk of failure)
Press: ? - help, Shift-Dir - straight line You miscast Shock.
Nothing appears to happen.
The gnoll closely misses you.
Unknown command.
Casting: Shock (safe; 13% risk of failure)
Confirm with . or Enter, or press ? or * to list all spells.
Aiming: Shock (safe; 13% risk of failure)
Press: ? - help, Shift-Dir - straight line The zap hits the gnoll.
The gnoll is lightly wounded.
The zap hits the gnoll.
The gnoll is moderately wounded.
The gnoll barely misses you.
Casting: Shock (safe; 13% risk of failure)
Confirm with . or Enter, or press ? or * to list all spells.
Aiming: Shock (safe; 13% risk of failure)
Press: ? - help, Shift-Dir - straight line You miscast Shock.
Nothing appears to happen.
The gnoll hits you from afar with a +0 halberd!
Unknown command.
Casting: Shock (safe; 13% risk of failure)
Confirm with . or Enter, or press ? or * to list all spells.
Aiming: Shock (safe; 13% risk of failure)
Press: ? - help, Shift-Dir - straight line You miscast Shock.
Nothing appears to happen.
The gnoll hits you from afar with a +0 halberd!
* * * LOW HITPOINT WARNING * * *
Unknown command.
Casting: Shock (safe; 13% risk of failure)
Confirm with . or Enter, or press ? or * to list all spells.
Aiming: Shock (safe; 13% risk of failure)
Press: ? - help, Shift-Dir - straight line The zap hits the gnoll.
The gnoll is heavily wounded.
The zap misses the gnoll.
The gnoll hits you from afar with a +0 halberd!
You die...

### ### #.. ..#
#.### #######.#
#.#.. ........#
#@#.# ###.###
#.#.# #.....#
##g#.#######.###.#
#............# #.#
#.#####..###.###.#
#.# #..###.....#
#.# #........#.#
#.# #..#####.#g##
#.# #..# #.#.#.


You could see a gnoll.

Vanquished Creatures
  An orc priest (D:2)
  An adder (D:2)
  A worm (D:2)
  5 bats
  4 endoplasms
  A giant cockroach (D:1)
  6 goblins
  A hobgoblin (D:3)
  10 jackals
  6 kobolds
  2 quokkas (D:1)
  4 ball pythons
  5 frilled lizards
  3 rats
50 creatures vanquished.

Notes
Turn   | Place    | Note
-------+----------+-------------------------------------------
     0 | D:1      | SnakkuSnakku7 the Merfolk Air Elementalist began the quest
                  | for the Orb.
     0 | D:1      | Reached XP level 1. HP: 13/13 MP: 3/3
   221 | D:1      | Reached skill level 1 in Fighting
   258 | D:1      | Reached XP level 2. HP: 17/22 MP: 0/5
   329 | D:1      | Reached skill level 2 in Fighting
  1263 | D:1      | Reached XP level 3. HP: 20/28 MP: 6/6
  1436 | D:1      | Reached skill level 3 in Fighting
  1893 | D:2      | Found a faded altar of an unknown god.
  2668 | D:3      | Reached XP level 4. HP: 24/37 MP: 7/7
  2687 | D:3      | Reached skill level 4 in Fighting
  3107 | D:3      | Found a runed translucent door.
  3108 | D:3      | Noticed Crazy Yiuf
  3515 | D:3      | Slain by a gnoll

Illustrated notes

Levels and vault maps discovered:
D:1:      tarquinn_simple_flora_water_c, layout_basic
D:2:      layout_basic, chequers_ecumenical_altar_simple, chequers_jeans
D:3:      layout_loops_ring, minmay_misc_feat_more_columns,
          uniq_crazy_yiuf_cottage

Skill      XL: |  1  2  3  4 |
---------------+-------------+-----
Fighting       | 1 2 3 4 |  4.0
Polearms       | 2 |  2.3
Dodging        | |  2.6
Stealth        | |  2.1
Spellcasting   | |  2.0
Conjurations   | |  0.7
Air Magic      | |  2.4

Action                   |  1- 3 |  4- 6 || total
-------------------------+-------+-------++-------
Melee: Mace              |    98 |       ||    98
       Rapier            |    35 |    39 ||    74
 Cast: Shock             |    17 |    23 ||    40
 Stab: Sleeping          |     1 |       ||     1
Armor: Robe              |     8 |       ||     8
       Ring mail         |    54 |    13 ||    67
Dodge: Dodged            |    99 |    32 ||   131
